 Seeded DCSS version 0.29-a0-219-g0a02b1cf4f (webtiles) character file.

Game seed: 13219885370010268331 (custom seed)

36 Hubjo the Sneak (level 3, -1/26 HPs)
             Began as a Vampire Enchanter on Feb 25, 2022.
             Slain by a hound (4 damage)
             ... on level 3 of the Dungeon.
             The game lasted 00:04:54 (1596 turns).

Hubjo the Sneak (Vampire Enchanter)                 Turns: 1596, Time: 00:04:55

Health: -1/26      AC:  2    Str: 13    XL:     3   Next: 19%
Magic:  6/6        EV: 12    Int: 17    God:
Gold:   70         SH:  0    Dex: 16    Spells: 0/6 levels left

rFire   . . .      SeeInvis +   a - +1 dagger
rCold   + . .      Faith    .   (no shield)
rNeg    . . .      Spirit   .   b - +0 robe
rPois   .          Reflect  .   (no helmet)
rElec   .          Harm     .   (no cloak)
rCorr   .          Rampage  .   (no gloves)
Will    .....                   (no boots)
Stlth   +++.......              k - amulet of the acrobat
HPRegen 0.28/turn               m - +6 ring of strength
MPRegen 0.10/turn               q - ring of protection from cold

@: healing quickly
A: alive, fangs 3, see invisible, vampiric 2
a: Exsanguinate


You were on level 3 of the Dungeon.
You visited 1 branch of the dungeon, and saw 4 of its levels.

You collected 70 gold pieces.

Inventory:

Hand Weapons
 a - a +1 dagger (weapon)
Armour
 b - a +0 robe (worn)
Magical Staves
 d - a staff of air
Jewellery
 k - an amulet of the acrobat (around neck)
 m - a +6 ring of strength (left hand)
 q - a ring of protection from cold (right hand)
Scrolls
 e - 3 scrolls of fear
 g - a scroll of summoning {unknown}
 h - a scroll of teleportation
 j - a scroll of brand weapon {unknown}
 n - a scroll of enchant armour
 o - a scroll of magic mapping {unknown}
 r - a scroll of blinking {unknown}
Potions
 c - 2 potions of invisibility
 f - 2 potions of brilliance {unknown}
 i - a potion of berserk rage
 l - a potion of mutation {unknown}
 p - a potion of heal wounds {unknown}


   Skills:
 * Level 1.3 Fighting
 + Level 1.5 Short Blades
 + Level 2.4 Dodging
 * Level 5.1 Stealth
 - Level 2.0 Spellcasting
 + Level 4.7 Hexes


You couldn't memorise any spells.
You knew the following spells:

 Your Spells              Type           Power      Damage    Failure   Level
a - Tukima's Dance        Hex            17%        N/A       9%          3
b - Dazzling Flash        Conj/Hex       18%        N/A       22%         3

Your spell library contained the following spells:

 Spells                   Type           Power      Damage    Failure   Level
 Confusing Touch          Hex            17%        N/A       9%          3
 Ensorcelled Hibernation  Hex/Ice        18%        N/A       11%         2
 Corpse Rot               Necr/Air       2%         N/A       28%         2
 Dispel Undead            Necr           1%         3d6       88%         4
 Death Channel            Necr           0%         N/A       100%        6


Dungeon Overview and Level Annotations

Branches:
Dungeon (4/15)
 Temple: D:4-7

Altars:

Shops:
D:1 :


Innate Abilities, Weirdness & Mutations

Your natural rate of healing is accelerated.
You have razor-sharp teeth.
You have supernaturally acute eyesight. (SInv)
You are afflicted with vampirism and can become a bat while bloodless.


Message History

The hound closely misses you. The hound misses you.
An endoplasm comes into view.
The hound completely misses you. The hobgoblin misses you.
The hound misses you. The hobgoblin completely misses you.
You hit the hobgoblin.
The hobgoblin is lightly wounded.
You hit the hobgoblin but do no damage.
The hobgoblin is lightly wounded.
The hobgoblin hits you.
You hit the hobgoblin.
The hobgoblin is almost dead.
The hobgoblin barely misses you.
You hit the hobgoblin but do no damage. Your bite misses the hobgoblin.
The hobgoblin is almost dead.
The hobgoblin hits you.
You hit the hobgoblin.
You kill the hobgoblin!
You closely miss the hound. The hound misses you. The hound bites you.
You hit the hound.
The hound is lightly wounded.
The hound bites you.
You hit the hound.
The hound is moderately wounded.
The hound closely misses you.
You hit the hound. Your bite misses the hound.
The hound is moderately wounded.
The hound bites you.
The hound stops to sniff the ground.
The hound bites you.
* * * LOW HITPOINT WARNING * * *
You hit the hound but do no damage. Your bite misses the hound.
The hound is moderately wounded.
The hound bites you.
* * * LOW HITPOINT WARNING * * *
You hit the hound.
The hound is heavily wounded.
The hound bites you.
You die...

.####.# #.[.#.#### ##
...##.# #...#.#.. .# #
....#.####...#.#.#####.#.#
.#..#........#.#....†....#
....#..)#..............###
.................>###....#
........#..#...........#.#
##.####.#..#############.#
........#......h@....... #
###.######.#############
... ...# .........
......... ...J......
.......... ###...........
.....


You could see a hound.

Vanquished Creatures
  A worm (D:1)
  2 dart slugs
  An orc (D:3)
  2 endoplasms
  2 goblins
  4 hobgoblins
  4 jackals (D:1)
  2 quokkas (D:3)
  3 ball pythons
  2 bats
  A frilled lizard (D:1)
  A kobold (D:3)
  A rat (D:2)
26 creatures vanquished.

Notes
Turn   | Place    | Note
-------+----------+-------------------------------------------
     0 | D:1      | Hubjo the Vampire Enchanter began the quest for the Orb.
     0 | D:1      | Reached XP level 1. HP: 13/13 MP: 3/3
    18 | D:1      | Found Arhuwn's Book Shop.
   197 | D:1      | Reached XP level 2. HP: 20/20 MP: 5/5
   319 | D:1      | Found a faded altar of an unknown god.
   349 | D:1      | You fall into a shaft and drop 1 floor!
   859 | D:2      | Reached skill level 5 in Stealth
  1173 | D:2      | Reached skill level 1 in Fighting
  1335 | D:3      | Gained mutation: You are afflicted with vampirism and can
                  | become a bat while bloodless. [Vampire growth]
  1335 | D:3      | Reached XP level 3. HP: 26/26 MP: 6/6
  1353 | D:3      | Learned a level 3 spell: Tukima's Dance
  1357 | D:3      | Learned a level 3 spell: Dazzling Flash
  1596 | D:3      | Slain by a hound

Illustrated notes

Levels and vault maps discovered:
D:1:      dpeg_arrival_tiny_d, layout_rooms, serial_shops, shop,
          dilly_ecumenical_altar_fadedgnrine, nicolae_wormholes
D:2:      layout_loops_cross, minmay_pentomino_r4
D:3:      layout_basic, ebering_ghost_sewer_d
D:4:      layout_rooms, mainiacjoe_overflow_small_starburst, temple_green

Skill      XL: |  1  2 |
---------------+-------+-----
Stealth        | 5 |  5.1
Fighting       | 1 |  1.3
Short Blades   | |  1.5
Dodging        | |  2.4
Spellcasting   | |  2.0
Hexes          | |  4.7

Action                   || total
-------------------------++-------
Melee: Dagger            ||   131
       Bite              ||     8
       Punch             ||     1
  Use: Scroll            ||     4
       Potion            ||     1
 Stab: Sleeping          ||     3
Armor: Robe              ||    23
Dodge: Dodged            ||   102

Table legend: (Time is in decaauts)
 A = Elapsed time spent in this place.
 B = Non-inter-level travel time spent in this place.
 C = Inter-level travel time spent in this place.
 D = Time resting spent in this place.
 E = Time spent auto-exploring this place.
 F = Levels seen in this place.
 G = Mean time per level.
                   A        B        C        D        E       F      G
               +--------+--------+--------+--------+--------+-----+--------+
         Total |   1599 |   1358 |    241 |    477 |    361 |   4 |  399.8 |
       Dungeon |   1599 |   1358 |    241 |    477 |    361 |   4 |  399.8 |
               +--------+--------+--------+--------+--------+-----+--------+

Top non-repeatable levels by time:
     D:2: 695 daAuts
     D:1: 512 daAuts
     D:3: 386 daAuts
     D:4: 4 daAuts
